 Dungeon Sprint DCSS version 0.21-a0-401-g0b6bec4 (webtiles) character file.

156 Kidiri the Thaumaturge (level 5, -1/28 HPs)
             Began as a Deep Elf Fire Elementalist on Oct 23, 2017.
             Slain by a soul eater (21 damage)
             ... summoned by a kobold demonologist
             ... in the Dungeon (Sprint III: "The Ten Rune Challenge").
             The game lasted 00:03:23 (546 turns).

Kidiri the Thaumaturge (Deep Elf Fire Elementalist)  Turns: 546, Time: 00:03:24

Health: -1/28      AC:  2    Str:  5    XL:     5   Next: 15%
Magic:  4/19       EV: 12    Int: 23    God:
Gold:   33         SH:  0    Dex: 15    Spells: 11/24 levels left

rFire    . . .     SeeInvis .   (no weapon)
rCold    . . .     Gourm    .   (no shield)
rNeg     . . .     Faith    .   a - +0 robe
rPois    .         Spirit   .   (no helmet)
rElec    .         Reflect  .   (no cloak)
rCorr    .         Harm     .   (no gloves)
MR       .....     NoTele   +   (no boots)
Stlth    ++........             (no amulet)
HPRegen  0.09/turn              (no ring)
MPRegen  0.16/turn              (no ring)

@: lethally poisoned (-1 -> -9), very slightly contaminated, drained
A: clever 1, wild magic 1
a: no special abilities


You were in the Dungeon.
You were not hungry.

You visited 1 branch You collected 33 gold pieces.

Inventory:

Missiles
 k - 19 sling bullets
 l - 10 arrows
Armour
 a - a +0 robe (worn)
Scrolls
 i - a scroll of blinking
 n - a scroll of immolation
 p - 3 scrolls of remove curse
 r - a scroll of holy word {unknown}
Potions
 d - a potion of curing
 f - a potion of haste
 g - 2 potions of magic
 h - a potion of berserk rage
 m - 3 potions of mutation
 q - 2 potions of flight
 s - a potion of agility
Books
 b - a book of Flames

   Spells                             Type                      Level
   a - Flame Tongue                   Conjuration/Fire             1
   b - Throw Flame                    Conjuration/Fire             2
   c - Conjure Flame                  Conjuration/Fire             3
   d - Inner Flame                    Hexes/Fire                   3
   e - Sticky Flame                   Conjuration/Fire             4
   f - Fireball                       Conjuration/Fire             5
Comestibles
 c - 3 bread rations


   Skills:
 - Level 2.4(1.9) Dodging
 - Level 2.4(1.9) Stealth
 * Level 10.0(9.4) Spellcasting
 + Level 5.7(5.1) Conjurations
 + Level 6.6(6.0) Fire Magic


You had 11 spell levels left.
You knew the following spells:

 Your Spells              Type           Power        Failure   Level  Hunger
a - Flame Tongue          Conj/Fire      #####        1%          1    None
b - Throw Flame           Conj/Fire      #####.       1%          2    None
c - Conjure Flame         Conj/Fire      #####...     3%          3    None
d - Inner Flame           Hex/Fire       ####....     8%          3    None
e - Sticky Flame          Conj/Fire      #####...     10%         4    ##.....


Dungeon Overview and Level Annotations

Branches:
Dungeon (1/1)

Altars:
Kikubaaqudgha
Sif Muna
Vehumet


Innate Abilities, Weirdness & Mutations

Your mind is acute. (Int +2)
Your spells are a little harder to cast, but a little more powerful.


Message History

* * * LOW HITPOINT WARNING * * *
You feel drained.
* * * LOW HITPOINT WARNING * * *
The kobold demonologist casts a spell.
The neqoxec barely misses you.
You feel much better.
You feel sick.
The neqoxec burns!
The smoke demon hits you. The smoke demon closely misses you.
The smoke demon barely misses you. The soul eater hits you.
You feel drained. The neqoxec gestures at you.
Something tries to feed on your intellect!
The kobold demonologist hits you but does no damage.
Unknown command.
Casting: Sticky Flame
Confirm with . or Enter, or press ? or * to list all spells.
You don't have enough magic to cast that spell.
You hit the kobold demonologist.
The kobold demonologist is lightly wounded.
You feel sick.
The neqoxec burns!
The soul eater hits you!!
Ouch! That really hurt!
You die...

#.......#..#..#
##.##...#..#..###+#+###+
##.###..##+#..#.........
###.##..###...'.⌠.......
#..##..####...#...######
...##..###....#.⌠.#
..##...##.....#...#
.##....#......#3###
###..##.#.....#3@K# #
#..#####....#__3# ▓ ▓▓▓▓
▓▓▓▓▓▓▓▓▓▓


You could see a soul eater, a kobold demonologist, a smoke demon and a neqoxec
(burning).

Vanquished Creatures
  A water elemental (D)
  A scorpion (D)
  A wizard (D)
  A human (D)
  An ooze (D)
  3 rats (D)
8 creatures vanquished.

Vanquished Creatures (others)
  2 draconian scorchers (D)
  6 hellions (D)
  A yaktaur (D)
9 creatures vanquished.

Grand Total: 17 creatures vanquished

Notes
Turn   | Place    | Note
-------+----------+-------------------------------------------
     0 | D        | Kidiri the Deep Elf Fire Elementalist began the quest for the Orb.
     0 | D        | Reached XP level 1. HP: 10/10 MP: 6/6
     8 | D        | Reached skill level 4 in Spellcasting
    47 | D        | Killed a yaktaur
   105 | D        | Killed a hellion
   128 | D        | Killed a hellion
   142 | D        | Reached skill level 6 in Spellcasting
   142 | D        | Reached XP level 2. HP: 13/15 MP: 1/11
   142 | D        | Killed a hellion
   143 | D        | Killed a hellion
   146 | D        | Learned a level 2 spell: Throw Flame
   146 | D        | Killed a hellion
   153 | D        | Killed a white draconian scorcher
   164 | D        | Killed a white draconian scorcher
   209 | D        | Killed a hellion
   223 | D        | Noticed a scorpion
   229 | D        | Killed a scorpion
   229 | D        | Reached skill level 8 in Spellcasting
   229 | D        | Reached skill level 5 in Fire Magic
   229 | D        | Reached XP level 3. HP: 7/19 MP: 5/14
   229 | D        | Reached XP level 4. HP: 9/24 MP: 5/16
   248 | D        | Gained mutation: Your spells are a little harder to cast, but a little more powerful. [potion of mutation]
   248 | D        | Gained mutation: Your mind is acute. (Int +2) [potion of mutation]
   498 | D        | Noticed a water elemental
   504 | D        | Learned a level 3 spell: Conjure Flame
   508 | D        | Learned a level 3 spell: Inner Flame
   513 | D        | Learned a level 4 spell: Sticky Flame
   516 | D        | Killed a water elemental
   516 | D        | Reached skill level 9 in Spellcasting
   516 | D        | Reached skill level 5 in Conjurations
   538 | D        | Found a radiant altar of Vehumet.
   539 | D        | Found a deep blue altar of Sif Muna.
   539 | D        | Found an ancient bone altar of Kikubaaqudgha.
   539 | D        | Noticed a wizard
   542 | D        | Noticed a neqoxec
   542 | D        | Killed a wizard
   542 | D        | Reached skill level 10 in Spellcasting
   542 | D        | Reached XP level 5. HP: 22/28 MP: 7/19
   543 | D        | Noticed a soul eater
   545 | D        | Noticed a smoke demon
   546 | D        | Slain by a soul eater

Vault maps used:
D:        dungeon_sprint_mu

Skill      XL: |  1  2  3  4 |
---------------+-------------+-----
Spellcasting   | 6 8 10 | 10.0
Conjurations   | 3 4 5 |  5.7
Fire Magic     | 4 5 6 |  6.6
Dodging        | |  2.4
Stealth        | |  2.4

Action                   |  1- 3 |  4- 6 || total
-------------------------+-------+-------++-------
Melee: Unarmed           |       |     1 ||     1
 Cast: Flame Tongue      |    17 |     3 ||    20
       Sticky Flame      |       |     2 ||     2
       Conjure Flame     |       |     1 ||     1
  Use: Scroll            |       |     3 ||     3
       Potion            |       |     2 ||     2
Dodge: Dodged            |     5 |     4 ||     9

Table legend:
 A = Spawn XP
 B = Non-spawn XP
 C = Spawn XP percentage of total XP
 D = Spawn monster count
 E = Non-spawn monster count
 F = Spawn count percentage of total count
 G = Total turns spent on level
                    A         B        C        D         E        F      G
               +---------+---------+-------+---------+---------+-------+---------
         Total |       0 |     224 |   0.0 |       0 |       8 |   0.0 |   546
               +---------+---------+-------+---------+---------+-------+---------
             D |       0 |     224 |   0.0 |       0 |       8 |   0.0 |   546
               +---------+---------+-------+---------+---------+-------+---------
